 Dungeon Crawl Stone Soup version 0.26-a0-682-g294304f6e8 (webtiles) character file.

Game seed: 7734591386927736709

94 Kinoniko the Skirmisher (level 4, 0/48 HPs)
             Began as an Ogre Fighter on Oct 20, 2020.
             Slain by a hound (6 damage)
             ... on level 2 of the Dungeon.
             The game lasted 00:02:10 (1808 turns).

Kinoniko the Skirmisher (Ogre Fighter)              Turns: 1808, Time: 00:02:10

Health: 0/48       AC: -1    Str: 20    XL:     4   Next: 63%
Magic:  4/4        EV:  8    Int:  9    God:
Gold:   134        SH:  8    Dex:  9    Spells: 3/3 levels left

rFire    . . .     SeeInvis .   a - +0 trident
rCold    . . .     Faith    .   c - +0 kite shield
rNeg     . . .     Spirit   .   b - +0 robe
rPois    .         Reflect  .   (helmet restricted)
rElec    .         Harm     .   (no cloak)
rCorr    .         Rampage  .   (gloves unavailable)
MR       .....     Rnd*Tele +   (boots unavailable)
Stlth    +.........             (no amulet)
HPRegen  0.16/turn              i - -4 ring of protection (curse)
MPRegen  0.09/turn              h - ring of teleportation (curse)

@: no status effects
A: large, unfitting armour, tough skin 1
a: no special abilities


You were on level 2 of the Dungeon.
You visited 1 branch of the dungeon, and saw 3 of its levels.

You collected 134 gold pieces.

Inventory:

Hand Weapons
 a - a +0 trident (weapon)
Armour
 b - a +0 robe (worn)
 c - a +0 kite shield (worn)
Jewellery
 f - an uncursed ring of positive energy
 h - a cursed ring of teleportation (right hand)
 i - a cursed -4 ring of protection (left hand)
 k - an uncursed ring of positive energy
 m - an uncursed ring of protection from cold
Scrolls
 g - a scroll of teleportation
Potions
 d - a potion of might
 e - a potion of lignification {unknown}
 j - a potion of degeneration {unknown}
 l - 3 potions of curing {unknown}


   Skills:
 - Level 4.2 Fighting
 * Level 3.8 Polearms
 - Level 2.8 Dodging
 + Level 3.4 Shields


You had 3 spell levels left.
You didn't know any spells.
Your spell library was empty.

Dungeon Overview and Level Annotations

Branches:
Dungeon (3/15)

Altars:


Innate Abilities, Weirdness & Mutations

You are too large for most types of armour.
You have tough skin. (AC +1)


Message History

The hound bites you. x2
* * * LOW HITPOINT WARNING * * *
There is an open door here.
You are too injured to fight recklessly!
You are too injured to fight recklessly!
You are too injured to fight recklessly!
You hit the goblin.
The goblin is heavily wounded.
The hound closely misses you. The goblin hits you with a +0 dagger.
* * * LOW HITPOINT WARNING * * *
You puncture the goblin!
You kill the goblin!
The hound barely misses you. The hound bites you.
* * * LOW HITPOINT WARNING * * *
You barely miss the rat. The hound barely misses you.
You block the rat's attack. The hound barely misses you.
You puncture the rat!
You kill the rat!
You block the hound's attack. The hound bites you.
You die...

...#####.###.##..####.######.####
..)'.............................
...#####.####.#..####.######.####
..## #.# #....# #.# #.##.# ..#
#.# ##...# #.###.##.#
..######.#####...# #.....##.#
.................# #####.##.#
.........######h># #.##.#
.........# ###@#### #.##.#
.........# #......# #....#
..##.....# #......# ######
####.....# #......# ####.....#
#......# .........# #......#
.#.....### #......# .#...#.#
###.#### .#.#.#.# #.#


You could see a hound.

Vanquished Creatures
  A worker ant (D:2)
  An adder (D:2)
  An ooze (D:1)
  2 worms (D:2)
  A dart slug (D:2)
  A leopard gecko (D:1)
  3 ball pythons
  4 bats
  10 goblins
  8 hobgoblins
  3 jackals (D:2)
  5 kobolds
  3 rats
43 creatures vanquished.

Notes
Turn   | Place    | Note
-------+----------+-------------------------------------------
     0 | D:1      | Kinoniko the Ogre Fighter began the quest for the Orb.
     0 | D:1      | Reached XP level 1. HP: 24/24 MP: 1/1
   246 | D:1      | Reached XP level 2. HP: 30/32 MP: 2/2
   650 | D:1      | Reached XP level 3. HP: 39/39 MP: 3/3
  1020 | D:2      | Reached XP level 4. HP: 27/48 MP: 4/4
  1808 | D:2      | Slain by a hound

Illustrated notes

Levels and vault maps discovered:
D:1:      roderic_chinese_lattice_arrival, layout_rooms,
          hangedman_decor_growths, minmay_liquid_box, minmay_misc_feat_enclosed
D:2:      layout_basic
D:3:      layout_rooms, minmay_cupped

Skill      XL: |  1  2  3 |
---------------+----------+-----
Shields        | 3 |  3.4
Polearms       | 3 |  3.8
Fighting       | |  4.2
Dodging        | |  2.8

Action                   |  1- 3 |  4- 6 || total
-------------------------+-------+-------++-------
Melee: Trident           |    84 |    34 ||   118
  Use: Scroll            |     1 |     4 ||     5
Armor: Robe              |    11 |     2 ||    13
Dodge: Dodged            |    20 |    15 ||    35
Block: Kite shield       |    20 |    15 ||    35

Table legend: (Time is in decaauts)
 A = Elapsed time spent in this place.
 B = Non-inter-level travel time spent in this place.
 C = Inter-level travel time spent in this place.
 D = Time resting spent in this place.
 E = Time spent auto-exploring this place.
 F = Levels seen in this place.
 G = Mean time per level.
                   A        B        C        D        E       F      G
               +--------+--------+--------+--------+--------+-----+--------+
         Total |   1832 |   1789 |     43 |    223 |   1286 |   3 |  610.7 |
       Dungeon |   1832 |   1789 |     43 |    223 |   1286 |   3 |  610.7 |
               +--------+--------+--------+--------+--------+-----+--------+

Top non-repeatable levels by time:
     D:2: 1111 daAuts
     D:1: 710 daAuts
     D:3: 10 daAuts
